 Dungeon Crawl Stone Soup version 0.23-a0-550-g7de1f8e (webtiles) character file.

136838 zishaf the Transmogrifier (level 17, -5/95 HPs)
             Began as a Vine Stalker Transmuter on Dec 10, 2018.
             Was a High Priest of Ru.
             Killed from afar by a fire dragon (36 damage)
             ... with a blast of flame
             ... on level 4 of the Swamp.
             The game lasted 01:57:14 (33393 turns).

zishaf the Transmogrifier (VSTm)                   Turns: 33393, Time: 01:57:15

Health: -5/95      AC: 21    Str: 20    XL:     17   Next: 22%
Magic:  0/31       EV: 15    Int: 14    God:    Ru [*****.]
Gold:   3660       SH:  0    Dex: 11    Spells: 14/22 levels left

rFire    . . .     SeeInvis .   a - +8 whip "Snakebite" {curare, rPois}
rCold    . . .     Gourm    +   (shield unavailable)
rNeg     . . .     Faith    .   H - +5 ring mail "Kupheh" {+Inv rElec Dex-3}
rPois    +         Spirit   +   g - +2 helmet
rElec    +         Reflect  .   p - +0 cloak
rCorr    .         Harm     .   x - +0 pair of gloves
MR       ++...                  K - +2 pair of boots
Stlth    +.........             n - amulet of the gourmand
HPRegen  1.05/turn              (ring unavailable)
MPRegen  0.22/turn              f - ring of magical power

@: drained
A: fangs 3, regeneration 2, magic shield, antimagic bite, no potion heal 3, rot
immunity, missing a hand, hated by all, no air magic, no conjurations magic, no
necromancy magic
a: Draw Out Power, Power Leap, Apocalypse, Renounce Religion, Evoke Invisibility


You were on level 4 of the Swamp.
You worshipped Ru.
Ru was extremely pleased with you.
You were full.

You visited 4 branches of the dungeon, and saw 27 of its levels.
You also visited: Ice Cave.

You collected 3660 gold pieces.

Inventory:

Hand Weapons
 a - the +8 whip "Snakebite" (weapon) {curare, rPois}
   (You found it on level 5 of the Lair of Beasts)

   It poisons the flesh of those it strikes.
   It protects you from poison.
 b - the +3 hand crossbow of Trauma {freeze, MR++ MP+9 Str+8 Dex-3}
   (You found it on level 4 of the Lair of Beasts)

   It causes projectiles fired from it to freeze those they strike, causing
   extra injury to most foes and up to half again as much damage against
   particularly susceptible opponents.
   They can also slow down cold-blooded creatures.
   It affects your strength (+8).
   It affects your dexterity (-3).
   It affects your resistance to hostile enchantments.
   It affects your magic capacity (+9).
 O - the +7 captain's cutlass {speed, disarm}
   (You found it on level 6 of the Dungeon)

   Attacks with this weapon are significantly faster.
 Q - a +1 blowgun
Missiles
 q - 91 poisoned needles
 C - 3 curare-tipped needles
 P - 242 bolts
 U - 7 needles of sleeping
Armour
 g - a +2 helmet (worn)
 p - a +0 cloak (worn)
 x - a +0 pair of gloves (worn)
 H - the +5 ring mail "Kupheh" (worn) {+Inv rElec Dex-3}
   (You found it on level 10 of the Dungeon)

   It affects your dexterity (-3).
   It insulates you from electricity.
   It lets you turn invisible.
 K - a +2 pair of boots (worn)
Jewellery
 f - a ring of magical power (right hand)
 n - an amulet of the gourmand (around neck)
 u - a cursed ring of teleportation {unknown}
 L - an uncursed ring of resist corrosion
 S - an uncursed ring of see invisible
Wands
 h - a wand of digging (4)
 r - a wand of paralysis (15)
 J - a wand of iceblast (6)
 N - a wand of acid (26)
 T - a wand of disintegration (31)
Scrolls
 k - a scroll of vulnerability {unknown}
 l - a scroll of summoning {unknown}
 o - 4 scrolls of teleportation
 s - 2 scrolls of enchant armour
 t - 6 scrolls of magic mapping
 v - 13 scrolls of remove curse
 A - 3 scrolls of fear
 D - 7 scrolls of enchant weapon
 E - 2 scrolls of fog
 G - 2 scrolls of blinking
 R - 2 scrolls of immolation {unknown}
Potions
 c - 8 potions of flight
 e - 5 potions of might
 i - 5 potions of haste
 j - 4 potions of lignification
 m - a potion of magic
 w - 2 potions of brilliance
 z - 2 potions of ambrosia
 B - 8 potions of curing
 F - 5 potions of mutation
 I - a potion of experience {unknown}
 V - a potion of resistance {unknown}
 Y - a potion of berserk rage
 Z - a potion of invisibility
Miscellaneous
 X - a lightning rod (4/4)
Comestibles
 d - 47 rations
 M - 6 chunks of flesh


   Skills:
 + Level 13.3(11.9) Fighting
 - Level 4.0(2.9) Crossbows
 - Level 4.0(2.9) Throwing
 + Level 8.9(7.6) Armour
 - Level 10.0(8.7) Dodging
 + Level 13.4(12.0) Unarmed Combat
 - Level 3.0(1.9) Spellcasting
 - Level 6.0(4.8) Translocations
 - Level 14.0(12.5) Transmutations
 - Level 6.0(4.8) Evocations


You had 14 spell levels left.
You knew the following spells:

 Your Spells              Type           Power        Failure   Level  Hunger
a - Beastly Appendage     Tmut           #####.       1%          1    ##.....
c - Blade Hands           Tmut           #####.....   6%          5    ######.
d - Blink                 Tloc           N/A          8%          2    ###....

Your spell library contained the following spells:

 Spells                   Type           Power        Failure   Level  Hunger
 Passwall                 Tmut/Erth      ###.....     4%          2    ###....
 Apportation              Tloc           ##....       5%          1    ##.....
 Spider Form              Tmut/Pois      ###.......   9%          3    ####...
 Gell's Gravitas          Tloc           ##........   16%         3    ####...
 Lesser Beckoning         Tloc           ##........   16%         3    ####...
 Teleport Other           Tloc           ##......     16%         3    ####...
 Shroud of Golubria       Chrm/Tloc      #.........   22%         2    ###....
 Ice Form                 Ice/Tmut       ###.....     28%         4    #####..
 Petrify                  Tmut/Erth      ###.....     28%         4    #####..
 Confusing Touch          Hex            #.....       36%         1    ##.....
 Corona                   Hex            #......      36%         1    ##.....
 Infusion                 Chrm           #...         36%         1    ##.....
 Sandblast                Erth           #.....       36%         1    ##.....
 Portal Projectile        Hex/Tloc       #.....       38%         3    ####...
 Passage of Golubria      Tloc           N/A          45%         4    #####..
 Slow                     Hex            #.......     50%         2    ###....
 Song of Slaying          Chrm           #.......     50%         2    ###....
 Inner Flame              Hex/Fire       #.......     75%         3    ####...
 Spectral Weapon          Hex/Chrm       #.......     75%         3    ####...
 Dragon Form              Tmut           #####.....   88%         7    #######
 Cause Fear               Hex            #.........   98%         4    #####..
 Leda's Liquefaction      Hex/Erth       #.........   98%         4    #####..
 Statue Form              Tmut/Erth      ###......    99%         6    #######
 Lee's Rapid Deconstruct  Erth           #.........   100%        5    ######.
 Metabolic Englaciation   Hex/Ice        #.........   100%        5    ######.
 Ozocubu's Refrigeration  Ice            #.........   100%        6    #######
 Ring of Flames           Chrm/Fire      #.........   100%        7    #######
 Sticks to Snakes         Tmut           Unusable     N/A         2    N/A
 Animate Skeleton         Necr           Unusable     N/A         1    N/A
 Flame Tongue             Conj/Fire      Unusable     N/A         1    N/A
 Summon Butterflies       Summ           Unusable     N/A         1    N/A
 Summon Small Mammal      Summ           Unusable     N/A         1    N/A
 Recall                   Summ/Tloc      Unusable     N/A         3    N/A
 Poisonous Vapours        Pois/Air       Unusable     N/A         2    N/A
 Call Canine Familiar     Summ           Unusable     N/A         3    N/A
 Conjure Flame            Conj/Fire      Unusable     N/A         3    N/A
 Mephitic Cloud           Conj/Pois/Air  Unusable     N/A         3    N/A
 Regeneration             Chrm/Necr      Unusable     N/A         3    N/A
 Animate Dead             Necr           Unusable     N/A         4    N/A
 Summon Ice Beast         Ice/Summ       Unusable     N/A         4    N/A
 Borgnjor's Vile Clutch   Necr/Erth      Unusable     N/A         5    N/A
 Summon Mana Viper        Hex/Summ       Unusable     N/A         5    N/A
 Bolt of Cold             Conj/Ice       Unusable     N/A         6    N/A
 Bolt of Fire             Conj/Fire      Unusable     N/A         6    N/A
 Death Channel            Necr           Unusable     N/A         6    N/A
 Freezing Cloud           Conj/Ice/Air   Unusable     N/A         6    N/A
 Simulacrum               Ice/Necr       Unusable     N/A         6    N/A
 Summon Hydra             Summ           Unusable     N/A         7    N/A
 Dragon's Call            Summ           Unusable     N/A         9    N/A

Dungeon Overview and Level Annotations

Branches:
Dungeon (15/15)            Temple (0/1) D:4            Lair (6/6) D:9
  Swamp (4/4) Lair:2        Snake (0/4) Lair:3        Slime (0/5) Lair:6
    Orc (2/2) D:9             Elf (0/3) Orc:2        Vaults (0/5) D:14
 Depths (0/5) D:15

Altars:
Cheibriados
Dithmenos
Elyvilon
Hepliaklqana
Okawaru
Ru
Trog
Beogh

Shops:
D:5 [   D:13 [   D:14 (   Orc:2 %%:=%

Annotations:
Lair:3 exclusion: downstairs


Innate Abilities, Weirdness & Mutations

You have razor-sharp teeth.
You heal very quickly.
When hurt, damage is shared between your health and your magic reserves.
Your bite disrupts and absorbs the magic of your enemies.
Potions cannot restore your health.
You are immune to rotting.
You are missing a hand.
You are hated by all.
You cannot study or cast Air magic.
You cannot study or cast Conjurations magic.
You cannot study or cast Necromancy magic.


Message History

The fire dragon resists.
You hear a roar!
Your ring mail "Kupheh" prevents you from hitting the hornet.
You bite the hornet!
You kill the hornet!
Your transformation is almost over.
The fire dragon breathes flames at you. The blast of flame hits you!
The fire dragon breathes flames at you. The blast of flame hits you!
* * * LOW HITPOINT WARNING * * *
Your hand reverts to its normal proportions.
The +8 whip "Snakebite" {curare, rPois} unmelds from your body.
Your +0 pair of gloves unmelds from your body.
The +8 whip "Snakebite" {curare, rPois} begins to drip with poison!
You feel less exhausted.
There is a stone staircase leading up here.
The fire dragon breathes flames at you. The blast of flame hits you!
You die...

♣♣♣ ♣♣♣♣.. ♣♣♣♣
♣♣..... ♣.≈♣
♣♣♣..♣♣♣♣
♣≈.♣♣♣♣♣♣♣...†...♣
♣♣.≈♣.≈.♣..♣♣♣♣≈..
♣≈...D........♣♣♣♣
♣.≈§§....♣♣♣≈....♣
♣@§≈.≈≈≈≈..♣♣♣♣≈..
♣♣♣♣≈≈≈≈..♣...♣♣♣♣
♣♣.≈§.≈♣♣♣♣ ...
♣.≈≈≈≈≈♣ ♣..
♣≈≈≈≈≈.♣♣♣♣♣..
♣♣≈≈≈≈........
♣♣≈≈≈≈≈...≈≈≈≈
♣..≈.....≈≈≈≈.
♣♣....≈≈≈.≈♣.§


You could see a fire dragon.

Vanquished Creatures
  Jorgrun (Swamp:3)
  Rupert (D:13)
  Agnes (D:14)
  Roxanne (D:14)
  Frances (D:13)
  2 thorn hunters
  A frost giant (D:15)
  The ghost of jalala the Nimble, a journeyman GnMo of Elyvilon (Lair:5)
  Nessos (D:14)
  Snorg (D:11)
  3 fire dragons
  An ogre mage (D:12)
  4 shambling mangroves
  4 ghost crabs
  13 hydras
  7 centaur warriors
  2 ice dragons (IceCv)
  Erica (D:11)
  2 two-headed ogres (D:12)
  10 alligators
  2 tengu warriors
  9 orc high priests
  9 spriggans
  Nergalle (D:12)
  A skeletal warrior (D:13)
  An unseen horror (D:12)
  5 swamp dragons
  3 spriggan druids
  A wizard (D:14)
  A lindwurm (Lair:6)
  2 deep elf magi (D:15)
  3 orc knights
  A wolf spider zombie (D:13)
  2 ugly things (D:12)
  2 manticores
  3 cyclopes
  9 elephants
  2 centaur zombies
  12 black mambas
  2 molten gargoyles (Lair:6)
  Psyche (D:9)
  2 gargoyles
  2 ice statues (IceCv)
  2 torpor snails (Lair:6)
  8 centaur skeletons
  A guardian serpent (shapeshifter) (D:12)
  14 spiny frogs
  A freezing wraith (D:15)
  2 kobold demonologists
  9 komodo dragons
  An efreet (D:15)
  A rime drake (shapeshifter) (D:15)
  5 rime drakes
  6 yaktaurs (D:15)
  A redback zombie (D:15)
  20 hornets
  A tengu conjurer (D:11)
  7 trolls
  6 tyrant leeches
  Grinder (D:4)
  4 polar bears
  4 blink frogs (Lair:6)
  4 bog bodies
  Prince Ribbit (D:9)
  8 hippogriffs
  14 slime creatures
  2 shadows
  A centaur simulacrum (D:15)
  A wraith (D:10)
  11 basilisks
  36 yaks
  Sigmund (D:5)
  9 wyverns
  A hungry ghost (D:10)
  2 steam dragons
  Grum (D:9)
  13 insubstantial wisps
  16 vampire mosquitoes
  13 swamp worms
  8 wargs
  3 hell hounds (Lair:6)
  7 porcupines
  17 water moccasins
  5 swamp drakes
  23 orc warriors
  3 sky beasts
  3 black bears
  21 ice beasts
  An eye of draining (D:15)
  5 phantoms
  2 boggarts
  10 ogres
  12 wolves
  14 centaurs
  11 crocodiles
  Blork the orc (D:6)
  5 big kobolds
  11 bullfrogs
  7 killer bees
  4 scorpions
  11 wights
  4 howler monkeys
  5 lava snakes (Lair:6)
  2 crimson imps
  3 bullfrog zombies
  A quasit (D:6)
  30 orc priests
  8 hounds
  A jelly (shapeshifter) (D:14)
  18 orc wizards
  2 bullfrog skeletons
  3 iguanas
  12 worker ants
  A hound skeleton (D:5)
  4 gnolls (D:3)
  8 adders
  3 shadow imps
  An ooze (D:7)
  2 adder skeletons
  4 worms
  2 dart slugs
  8 leopard geckos
  107 orcs
  2 ball pythons
  8 bats
  10 giant cockroaches
  21 goblins
  7 hobgoblins
  7 jackals
  13 kobolds
  7 quokkas
  5 frilled lizards
  A jackal skeleton (D:4)
  A quokka skeleton (D:6)
  A quokka zombie (D:5)
  8 rats
  8 fungi
  8 plants
882 creatures vanquished.

Vanquished Creatures (collateral kills)
  Terence (D:2)
1 creature vanquished.

Vanquished Creatures (others)
  A hydra (Swamp:4)
  An alligator (Swamp:3)
  Sonja (D:12)
  2 swamp dragons (Swamp:4)
  A cyclops (D:12)
  A spiny frog (Swamp:1)
  A troll (D:10)
  A hornet (Swamp:2)
  A vampire mosquito (Swamp:1)
  9 swamp drakes (Swamp:4)
  2 crocodiles
  4 briar patches (Swamp:4)
  19 fungi
  26 plants
70 creatures vanquished.

Grand Total: 953 creatures vanquished

Notes
Turn   | Place    | Note
-------+----------+-------------------------------------------
     0 | D:1      | zishaf the Vine Stalker Transmuter began the quest for the
                  | Orb.
     0 | D:1      | Reached XP level 1. HP: 9/9 MP: 4/4
    49 | D:1      | Reached skill level 1 in Fighting
   479 | D:1      | Reached XP level 2. HP: 6/14 MP: 3/6
   935 | D:1      | Reached XP level 3. HP: 17/18 MP: 7/7
  1759 | D:2      | Learned a level 2 spell: Sticks to Snakes
  1864 | D:2      | Noticed Terence
  1888 | D:2      | Killed Terence
  1888 | D:2      | Gained mutation: Your natural rate of healing is unusually
                  | fast. [Vine Stalker growth]
  1888 | D:2      | Reached XP level 4. HP: 12/23 MP: 4/8
  2082 | D:2      | Reached skill level 3 in Transmutations
  2114 | D:2      | Found a white marble altar of Elyvilon.
  2114 | D:2      | Found a shadowy altar of Dithmenos.
  2804 | D:3      | Reached XP level 5. HP: 27/27 MP: 9/9
  3497 | D:4      | Found a sacrificial altar of Ru.
  3517 | D:4      | Became a worshipper of Ru the Awakened
  3586 | D:4      | Noticed Grinder
  3600 | D:4      | Paralysed by Grinder for 7 turns
  3616 | D:4      | HP: 1/27 [Grinder (3)]
  3809 | D:4      | Noticed a centaur
  3915 | D:4      | Found a staircase to the Ecumenical Temple.
  3926 | D:4      | Noticed an ogre
  3956 | D:3      | Killed an ogre
  3956 | D:3      | Reached skill level 4 in Transmutations
  3956 | D:3      | Reached XP level 6. HP: 29/32 MP: 10/10
  3969 | D:3      | Learned a level 5 spell: Blade Hands
  4280 | D:4      | Reached XP level 7. HP: 27/37 MP: 11/11
  4525 | D:4      | Killed Grinder
  4525 | D:4      | Reached skill level 5 in Transmutations
  4794 | D:5      | Entered Level 5 of the Dungeon
  4804 | D:4      | Gained mutation: You have razor-sharp teeth. [Vine Stalker
                  | growth]
  4804 | D:4      | Reached XP level 8. HP: 42/42 MP: 12/12
  4936 | D:5      | Found Susuixac's Armour Emporium.
  4949 | D:5      | Noticed Sigmund
  5193 | D:5      | Killed Sigmund
  5239 | D:5      | Gained mutation: You cannot study or cast Air magic. [Ru
                  | sacrifice]
  5239 | D:5      | Gained mutation: You cannot study or cast Necromancy magic.
                  | [Ru sacrifice]
  5239 | D:5      | Gained mutation: You cannot study or cast Conjurations
                  | magic. [Ru sacrifice]
  5239 | D:5      | Reached * piety under Ru
  5287 | D:5      | Reached skill level 1 in Armour
  5632 | D:5      | Found a hazy altar of Hepliaklqana.
  5762 | D:4      | Reached skill level 6 in Transmutations
  5793 | D:5      | Reached skill level 5 in Fighting
  6379 | D:6      | Reached skill level 5 in Dodging
  6443 | D:6      | Reached skill level 7 in Transmutations
  6443 | D:6      | Reached XP level 9. HP: 39/47 MP: 13/13
  6861 | D:6      | Found the +7 captain's cutlass {speed, disarm}
  6874 | D:6      | Gained mutation: You are hated by all. [Ru sacrifice]
  6874 | D:6      | Reached ** piety under Ru
  6874 | D:6      | Reached *** piety under Ru
  6969 | D:6      | Noticed Blork the orc
  7011 | D:6      | Killed Blork the orc
  7299 | D:7      | Reached skill level 8 in Transmutations
  8190 | D:8      | Reached skill level 9 in Transmutations
  8190 | D:8      | Reached XP level 10. HP: 50/53 MP: 14/14
  8537 | D:8      | Found a snail-covered altar of Cheibriados.
  8633 | D:8      | Gained mutation: You are missing a hand. [Ru sacrifice]
  8633 | D:8      | Reached **** piety under Ru
  8633 | D:8      | Reached ***** piety under Ru
  8824 | D:9      | Noticed Grum
  8840 | D:9      | Killed Grum
  9085 | D:9      | Found a staircase to the Orcish Mines.
  9198 | D:9      | Found an iron altar of Okawaru.
  9217 | D:9      | Noticed Psyche
  9227 | D:9      | Killed Psyche
  9247 | D:9      | Noticed Prince Ribbit
  9257 | D:9      | Killed Prince Ribbit
  9420 | D:9      | Reached skill level 10 in Transmutations
  9506 | D:9      | Reached skill level 5 in Unarmed Combat
  9711 | D:9      | You fall through a shaft for 2 floors!
  9718 | D:10     | Entered Level 10 of the Dungeon
  9766 | D:9      | Found a staircase to the Lair.
  9837 | D:8      | Reached skill level 5 in Armour
 10167 | D:10     | Reached XP level 11. HP: 57/58 MP: 15/15
 10979 | D:10     | Got a translucent ring mail
 10990 | D:10     | Identified the +5 ring mail "Kupheh" {+Inv rElec Dex-3}
                  | (You found it on level 10 of the Dungeon)
 11317 | D:10     | Reached skill level 11 in Transmutations
 11508 | D:11     | Noticed Erica
 11537 | D:11     | Killed Erica
 11636 | D:11     | Noticed a cyclops
 12172 | D:11     | Found a bloodstained altar of Trog.
 12277 | D:11     | Paralysed by a hornet for 1 turns
 12510 | D:11     | Killed a cyclops
 12545 | D:12     | Noticed a centaur warrior
 12545 | D:12     | Noticed a manticore
 12545 | D:12     | Noticed a tengu warrior
 12545 | D:12     | Noticed a tengu warrior
 12545 | D:12     | Noticed a centaur warrior
 12545 | D:12     | Noticed Snorg
 12648 | Lair:1   | Entered Level 1 of the Lair of Beasts
 12897 | Lair:1   | Gained mutation: You heal very quickly. [Vine Stalker
                  | growth]
 12897 | Lair:1   | Reached XP level 12. HP: 34/65 MP: 16/16
 13463 | Lair:1   | Reached skill level 12 in Transmutations
 13964 | Lair:2   | Found a staircase to the Swamp.
 14218 | Lair:3   | You fall through a shaft for 3 floors!
 14218 | Lair:6   | Entered Level 6 of the Lair of Beasts
 14334 | Lair:6   | Reached skill level 13 in Transmutations
 14375 | Lair:6   | Found a staircase to the Slime Pits.
 14403 | Lair:6   | Noticed a seven-headed hydra
 14411 | Lair:6   | Killed an eight-headed hydra
 14512 | Lair:6   | Found a frozen archway.
 14519 | Lair:6   | Reached XP level 13. HP: 70/70 MP: 17/17
 14553 | IceCv    | Entered an ice cave
 14949 | IceCv    | Noticed an ice dragon
 14982 | IceCv    | Killed an ice dragon
 15049 | IceCv    | Noticed an ice dragon
 15083 | IceCv    | Killed an ice dragon
 15918 | Lair:3   | Reached skill level 14 in Transmutations
 15922 | Lair:3   | Reached skill level 10 in Fighting
 15940 | Lair:3   | Found a staircase to the Snake Pit.
 16187 | Lair:3   | Reached skill level 1 in Evocations
 16334 | Lair:3   | Reached skill level 1 in Throwing
 16399 | Lair:3   | Learned a level 2 spell: Blink
 16875 | Lair:4   | Reached skill level 1 in Translocations
 17049 | Lair:4   | Got a crude hand crossbow
 17054 | Lair:4   | Identified the +3 hand crossbow of Trauma {freeze, MR++
                  | MP+9 Str+8 Dex-3} (You found it on level 4 of the Lair of
                  | Beasts)
 17643 | Lair:5   | Reached skill level 1 in Crossbows
 17752 | Lair:5   | Found the +8 whip "Snakebite" {curare, rPois}
 17906 | Lair:5   | Found a runed door.
 17907 | Lair:5   | Noticed jalala's ghost (journeyman GnMo)
 17907 | Lair:5   | Identified the +4 trident of Punishment {venom, Fragile
                  | +Rage rN+++}
 18076 | Lair:5   | Reached XP level 14. HP: 68/77 MP: 12/19
 18133 | Lair:5   | You fall through a shaft!
 19003 | Lair:6   | Found a large runed door.
 19212 | Lair:6   | Found a large runed door.
 20001 | Orc:1    | Entered Level 1 of the Orcish Mines
 20073 | Orc:1    | Found a bloodstained altar of Trog.
 20095 | Orc:1    | Reached skill level 10 in Unarmed Combat
 21119 | Orc:2    | Entered Level 2 of the Orcish Mines
 21589 | Orc:2    | Found Qauraschu's Food Shop.
 21590 | Orc:2    | Found Mecook's Food Shoppe.
 22127 | Orc:2    | Found Rudinkur's Book Shop.
 22127 | Orc:2    | Found Otoaffacw's Jewellery Shoppe.
 22177 | Orc:2    | Found a roughly hewn altar of Beogh.
 22185 | Orc:2    | Found a staircase to the Elven Halls.
 22286 | Orc:2    | Found Dopsi's Food Boutique.
 22349 | Orc:2    | Found a roughly hewn altar of Beogh.
 22817 | D:11     | Killed Snorg
 23155 | D:12     | Got a faintly humming robe
 23166 | D:12     | Got a scorched plate armour
 23187 | D:11     | Identified the +2 robe of Zin's Outrage {rPois Dex+5
                  | Slay+3} (You found it on level 12 of the Dungeon)
 23197 | D:11     | Identified the cursed +0 plate armour of Ziekhlean {rC++
                  | Str-2 Dex+3} (You found it on level 12 of the Dungeon)
 23412 | D:12     | Reached XP level 15. HP: 70/82 MP: 20/20
 23441 | D:12     | Noticed Sonja
 23568 | D:12     | Reached skill level 5 in Translocations
 24012 | D:12     | Noticed Nergalle
 24025 | D:12     | Killed Nergalle
 24079 | D:12     | Reached skill level 5 in Evocations
 24489 | D:12     | Killed Sonja
 24769 | D:13     | Noticed Rupert
 24782 | D:13     | Killed Rupert
 24929 | D:13     | Found Otweom's Antique Armour Emporium.
 25308 | D:13     | Noticed Frances
 25547 | D:13     | Killed Frances
 26157 | D:14     | Found a gate to the Vaults.
 26267 | D:14     | Noticed Nessos
 26376 | D:14     | Killed Nessos
 26455 | D:14     | Identified Roxanne's Volume of Stones
 26455 | D:14     | Noticed Roxanne
 26474 | D:14     | Killed Roxanne
 26478 | D:14     | Found Evaiput's Weapon Shoppe.
 27006 | D:15     | Entered Level 15 of the Dungeon
 27340 | D:15     | Noticed Agnes
 27348 | D:14     | Killed Agnes
 27348 | D:14     | Reached skill level 10 in Dodging
 27801 | D:15     | Reached XP level 16. HP: 78/88 MP: 21/21
 28136 | D:15     | Found a staircase to the Depths.
 28416 | Lair:5   | Killed jalala's ghost
 28560 | Swamp:1  | Entered Level 1 of the Swamp
 31165 | Swamp:3  | Noticed a thorn hunter
 31196 | Swamp:3  | Killed a thorn hunter
 31693 | Swamp:3  | Noticed Jorgrun
 31723 | Swamp:3  | Killed Jorgrun
 32126 | Swamp:4  | Entered Level 4 of the Swamp
 32142 | Swamp:4  | Paralysed by a hornet for 3 turns
 32601 | Swamp:3  | Reached XP level 17. HP: 59/95 MP: 22/22
 33393 | Swamp:4  | Killed from afar by a fire dragon

Vault maps used:
D:1:      lightli_arrival_quake
D:2:      gammafunk_temple_overflow_wave, first_ration, minmay_tetromino_t4,
          uniq_terence
D:3:      minmay_pentangle
D:4:      nicolae_ru_sacrificial_ziggurat, minmay_temple_entry_steel_oval,
          abandoned_shop, chequers_arboretum, minmay_misc_feat_diagonals,
          st_stairs_11, minmay_goblin_outpost, uniq_grinder
D:5:      overflow_temple_1_default, serial_shops, nicolae_shop_statue_plus,
          serial_park_tiny_1, uniq_sigmund
D:6:      minmay_checkerbox, uniq_blork_the_orc
D:8:      lemuel_doored_altar
D:9:      marbit_many_paths, minmay_lair_entry_grove, david_orc_3,
          uniq_prince_ribbit1, uniq_grum, uniq_psyche
D:10:     minmay_spotlight
D:11:     grunt_tengu_nest, bloody_trog, uniq_erica
D:12:     minmay_ambush_box, uniq_sonja, uniq_nergalle, uniq_snorg
D:13:     serial_shops, shop, minmay_misc_feat_square, hangedman_decor_points,
          uniq_frances, uniq_rupert
D:14:     hangedman_vaults_entry_quadrant_bands, serial_shops, shop,
          uniq_nessos, uniq_roxanne
D:15:     grunt_enter_depths_snipers, minivault_24, grunt_ministairs_12,
          uniq_agnes
Lair:1:   chequers_serial_rivers_micro_c, chequers_serial_rivers_small_b
Lair:2:   wander_river, minmay_swamp_entry_worms
Lair:3:   dummy_snake_entry
Lair:4:   onia_ninara_swampy_vault
Lair:5:   minmay_guarded_unrand_snakebite, ebering_ghost_funeral_grove
Lair:6:   cheibrodos_lair_end_hotspot, slime_dummy,
          portal_ice_cave_entry_animals_and_master
Swamp:1:  nicolae_swamp_fairy_circle
Swamp:2:  hangedman_swamp_diagram
Swamp:3:  serial_swamp_ruin, evilmike_swamp_ruin_house_3,
          evilmike_swamp_ruin_house_5, uniq_jorgrun
Swamp:4:  swamp_fiery, swamp_pool2, hangedman_swamp_lotus,
          infiniplex_staircase_pool_2
Orc:1:    basic_altar, nicolae_orc_pool_cavern
Orc:2:    st_orc_town, serial_shops, shop, bh_open_orc_temple
IceCv:    ice_cave_small_dragons

Skill      XL: |  1  2  3  4  5  6  7  8  9 10 11 12 13 14 15 16 |
---------------+-------------------------------------------------+-----
Fighting       | 1 2 3 4 5 6 7 8 9 10 11 13 | 13.3
Dodging        | 2 3 4 5 6 7 8 9 10 | 10.0
Transmutations | 3 4 5 7 9 10 11 13 14 | 14.0
Armour         | 2 3 5 6 8 |  8.9
Unarmed Combat | 5 7 8 9 10 11 13 | 13.4
Spellcasting   | 3 |  3.0
Evocations     | 2 4 6 |  6.0
Throwing       | 2 4 |  4.0
Translocations | 2 4 6 |  6.0
Crossbows      | 1 4 |  4.0

Action                   |  1- 3 |  4- 6 |  7- 9 | 10-12 | 13-15 | 16-18 || total
-------------------------+-------+-------+-------+-------+-------+-------++-------
Melee: Unarmed           |   152 |       |       |   131 |   546 |   325 ||  1154
       Bite              |    33 |    24 |    79 |   167 |   321 |   158 ||   782
       Kick              |     2 |       |       |       |       |       ||     2
       Flail             |       |   116 |   173 |       |       |       ||   289
       Punch             |       |       |     2 |       |       |       ||     2
       Cutlass           |       |       |   122 |   500 |   665 |    44 ||  1331
       Whip              |       |       |       |       |       |   169 ||   169
 Fire: Blowgun           |       |    24 |     9 |    21 |    35 |       ||    89
       Hand crossbow     |       |       |       |       |    19 |       ||    19
 Cast: Sticks to Snakes  |     5 |     3 |       |       |       |       ||     8
       Beastly Appendage |     1 |       |       |       |       |       ||     1
       Blade Hands       |       |       |       |    15 |    80 |    35 ||   130
Invok: Sacrifice Arcana  |       |       |     1 |       |       |       ||     1
       Sacrifice Love    |       |       |     1 |       |       |       ||     1
       Sacrifice a Hand  |       |       |       |     1 |       |       ||     1
       Apocalypse        |       |       |       |     4 |     8 |     3 ||    15
       Reject Sacrifices |       |       |       |     1 |     2 |       ||     3
       Draw Out Power    |       |       |       |       |     5 |     5 ||    10
Evoke: Wand              |       |       |       |     8 |     2 |       ||    10
  Use: Scroll            |       |     3 |     1 |    11 |    11 |     6 ||    32
       Potion            |       |       |     1 |       |       |       ||     1
 Stab: Sleeping          |     2 |     2 |     1 |       |       |       ||     5
       Invisible         |       |       |       |     5 |     6 |     8 ||    19
       Paralysed         |       |       |       |     8 |    19 |     8 ||    35
       Petrified         |       |       |       |     1 |       |       ||     1
       Distracted        |       |       |       |     3 |     1 |     1 ||     5
  Eat: Chunk             |     3 |    17 |    13 |    32 |    75 |    29 ||   169
Armor: Robe              |    28 |       |       |    31 |       |       ||    59
       Leather armour    |     9 |    33 |    60 |    10 |       |       ||   112
       Ring mail         |       |       |       |   104 |   403 |   227 ||   734
Dodge: Dodged            |    77 |    93 |   155 |   276 |   679 |   332 ||  1612

Table legend:
 A = Non-vault XP
 B = Vault XP
 C = Vault XP percentage of total XP
 D = Non-vault monster count
 E = Vault monster count
 F = Vault count percentage of total count
                 A         B        C        D         E       F
            +---------+---------+-------+---------+---------+-------
      Total |  125423 |   70060 |  35.8 |     629 |     247 |  28.2
            +---------+---------+-------+---------+---------+-------
        D:1 |      50 |       0 |   0.0 |      27 |       0 |   0.0
        D:2 |      32 |      26 |  44.8 |      14 |       5 |  26.3
        D:3 |     258 |       1 |   0.4 |      36 |       1 |   2.7
        D:4 |     612 |     336 |  35.4 |      18 |      12 |  40.0
        D:5 |     516 |     197 |  27.6 |      20 |       1 |   4.8
        D:6 |    1063 |     167 |  13.6 |      27 |       5 |  15.6
        D:7 |     985 |       0 |   0.0 |      21 |       0 |   0.0
        D:8 |     927 |     600 |  39.3 |      19 |       4 |  17.4
        D:9 |     851 |    2567 |  75.1 |      10 |      21 |  67.7
       D:10 |    2231 |     185 |   7.7 |      39 |       2 |   4.9
       D:11 |    3441 |    3242 |  48.5 |      22 |       4 |  15.4
       D:12 |    9813 |    5770 |  37.0 |      32 |       9 |  22.0
       D:13 |    3686 |    5644 |  60.5 |      18 |       5 |  21.7
       D:14 |    5250 |    9367 |  64.1 |      19 |      19 |  50.0
       D:15 |    9356 |    4309 |  31.5 |      28 |      10 |  26.3
     Lair:1 |    2587 |       0 |   0.0 |      14 |       0 |   0.0
     Lair:2 |    3359 |      96 |   2.8 |      15 |       1 |   6.2
     Lair:3 |    4438 |     169 |   3.7 |      16 |       1 |   5.9
     Lair:4 |    4593 |    3257 |  41.5 |      13 |       8 |  38.1
     Lair:5 |    4275 |    4381 |  50.6 |      12 |      12 |  50.0
     Lair:6 |   12237 |    9039 |  42.5 |      43 |      34 |  44.2
    Swamp:1 |   12906 |       0 |   0.0 |      39 |       0 |   0.0
    Swamp:2 |   12783 |       0 |   0.0 |      35 |       0 |   0.0
    Swamp:3 |   13469 |    3040 |  18.4 |      25 |       1 |   3.8
    Swamp:4 |   11179 |    4396 |  28.2 |      23 |       6 |  20.7
      Orc:1 |    4442 |       0 |   0.0 |      39 |       0 |   0.0
      Orc:2 |      84 |    8149 |  99.0 |       5 |      66 |  93.0
      IceCv |       0 |    5122 | 100.0 |       0 |      20 | 100.0
            +---------+---------+-------+---------+---------+-------
